 Dungeon Crawl Stone Soup version 0.29-a0-334-gb41bcbb86e (webtiles) character file.

Game seed: 14022053127410068671

80 spaghetti the Covert (level 4, -2/29 HPs)
             Began as an Octopode Brigand on Apr 14, 2022.
             Was a Plaything of Xom.
             Slain by a black bear (7 damage)
             ... on level 4 of the Dungeon.
             The game lasted 00:02:50 (2528 turns).

spaghetti the Covert (Octopode Brigand)             Turns: 2528, Time: 00:02:51

Health: -2/29      AC:  1    Str: 10    XL:     4   Next: 39%
Magic:  4/4        EV: 12    Int: 21    God:    Xom [..*...]
Gold:   167        SH:  0    Dex: 13    Spells: 3/3 levels left

rFire   . . .      SeeInvis .   j - +2 dagger (venom) {short}
rCold   . . .      Faith    .   (no shield)
rNeg    . . .      Spirit   .   (helmet restricted)
rPois   .          Reflect  .   (no amulet)
rElec   .          Harm     .   e - +6 ring of intelligence
rCorr   .          Rampage  .   (no ring)
Will    .....                   (no ring)
Stlth   +++++.....              (no ring)
HPRegen 0.09/turn               (no ring)
MPRegen 0.09/turn               (no ring)
                                (no ring)
                                (no ring)

@: no status effects
A: almost no armour, amphibious, 8 rings, camouflage 1, gelatinous body 1,
(nimble swimmer 1), tentacles
a: Renounce Religion


You were on level 4 of the Dungeon.
You worshipped Xom.
You were a toy of Xom.
You visited 1 branch of the dungeon, and saw 4 of its levels.

You collected 167 gold pieces.


Innate Abilities, Weirdness & Mutations

You cannot wear most types of armour.
You are amphibious.
You can wear up to eight rings at the same time.
Your skin changes colour to match your surroundings (Stealth+).
Your rubbery body absorbs attacks. (AC +1, EV +1)
((You are camouflaged when in or above water. (Stealth+)))
You have tentacles for arms and can constrict up to eight enemies at once.


   Skills:
 - Level 2.0 Fighting
 - Level 2.0 Short Blades
 - Level 2.0 Throwing
 - Level 1.0 Dodging
 + Level 8.0 Stealth


You had 3 spell levels left.
You didn't know any spells.
Your spell library contained the following spells:

 Spells                   Type           Power      Damage    Failure   Level
 Blink                    Tloc           0%         N/A       26%         2
 Dazzling Flash           Conj/Hex       0%         N/A       47%         3
 Tukima's Dance           Hex            0%         N/A       47%         3
 Passage of Golubria      Tloc           0%         N/A       87%         4
 Agony                    Necr           0%         N/A       99%         5
 Manifold Assault         Tloc           0%         N/A       99%         5
 Silence                  Hex/Air        0%         N/A       99%         5
 Yara's Violent Unravell  Hex/Tmut       0%         3d3       99%         5
 Storm Form               Tmut/Air       0%         N/A       100%        7

Inventory:

Hand Weapons
 a - a +2 dagger {short}
 j - a +2 dagger of venom (weapon) {short}
   (You took it off a goblin on level 1 of the Dungeon)
Missiles
 b - 6 poisoned darts {throwing}
 c - 3 curare-tipped darts {=fthrowing}
 h - 143 stones (quivered) {throwing}
Magical Staves
 f - a staff of death {!astaff}
   (You found it on level 1 of the Dungeon)
 q - a staff of conjuration {!a@e2staff}
   (You found it on level 2 of the Dungeon)
Jewellery
 e - a +6 ring of intelligence (left tentacle)
   (You found it on level 1 of the Dungeon)
Scrolls
 d - 4 scrolls of identify {unknown}
 g - a scroll of blinking {unknown}
 i - a scroll of amnesia {unknown}
 l - 2 scrolls of fear {unknown}
 o - 2 scrolls of magic mapping {unknown}
 r - a scroll of enchant weapon {unknown}
 u - a scroll of teleportation {unknown}
Potions
 k - 2 potions of degeneration {unknown}
 m - 3 potions of curing {unknown}
 n - a potion of ambrosia {unknown}
 p - a potion of flight {unknown}
 s - a potion of might {unknown}
 t - a potion of heal wounds {unknown}
 v - 2 potions of lignification {unknown}

Dungeon Overview and Level Annotations

Branches:
Dungeon (4/15)
 Temple: D:4-7

Altars:
Xom

Annotations:
D:3 1 runed translucent door, Crazy Yiuf

# ################ ..
#........+.....# ...
#........#.....# ..((
#...###..##.b..# .....
#..####..##...b#..(...
#....+........@h((....
#....#.........#......
#....#.........# .....
####...###.#######
....
.......###.###...# ...
.................# ..
..#..............# .
..########'#######
..................


You could see a black bear (berserk, extremely poisoned, ally target).


Message History

h - 148 stones {throwing} (gained 16) Key pressed, stopping explore.
You now have 146 gold pieces (gained 11). "Whee!"
Your surroundings suddenly seem different.
Unknown command.
Unknown command.
Found a stone staircase leading up.
There is a stone staircase leading up here.
Key pressed, stopping explore.
Key pressed, stopping explore.
There is a stone staircase leading up here.
Xom snickers.
You do an impromptu tapdance.
Key pressed, stopping explore. "How about this?"
Your grey potion briefly vibrates.
Key pressed, stopping explore.
Key pressed, stopping explore.
You now have 155 gold pieces (gained 9).
Crazy Yiuf shouts!
Crazy Yiuf whimpers, "Two light canine!"
Found a stone staircase leading up.
There is a stone staircase leading up here.
You see here a +0 hand axe {axe}.
You now have 160 gold pieces (gained 5).
You see here a +0 hand axe {axe}.
There is a stone staircase leading up here.
Key pressed, stopping explore.
Key pressed, stopping explore.
Key pressed, stopping explore.
Key pressed, stopping explore.
Crazy Yiuf shouts!
(D) Dungeon
Where to? (Enter - D:3, ? - help)
There is a stone staircase leading down here.
You climb downwards.
There is a stone staircase leading up here.
Unknown command.
k - 2 bubbling clear potions (gained 1)
You open the door.
There is an open door here.
Key pressed, stopping explore.
You now have 167 gold pieces (gained 7).
You open the door.
There is an open door here.
Key pressed, stopping explore.
Key pressed, stopping explore.
You open the door.
A black bear comes into view.
You throw a stone {throwing}.
The stone {throwing} hits the black bear but does no damage.
The black bear growls angrily.
A black bear is nearby!
A black bear is nearby!
You throw a stone {throwing}.
The stone {throwing} closely misses the black bear.
You throw a stone {throwing}.
The stone {throwing} hits the black bear but does no damage.
You throw a stone {throwing}.
The stone {throwing} hits the black bear.
You throw a stone {throwing}.
The stone {throwing} hits the black bear.
You completely miss the black bear. Your grab misses the black bear.
You hit the black bear.
The black bear is poisoned.
You grab the black bear. You squeeze the black bear.
You constrict the black bear. The black bear bites you.
The black bear claws you.
The black bear barely misses you. 😕 HP[-5]
You take 5 damage, and now have 24/29 hp.
You are too injured to fight recklessly!
You are too injured to fight recklessly!
You are too injured to fight recklessly!
You are too injured to fight recklessly!
You are too injured to fight recklessly!
You are too injured to fight recklessly!
You are too injured to fight recklessly!
You are too injured to fight recklessly!
You are too injured to fight recklessly!
You are too injured to fight recklessly!
A black bear is nearby!
You hit the black bear.
The black bear looks even sicker.
You constrict the black bear, but do no damage.
The black bear barely misses you.
The black bear claws you but does no damage.
The black bear claws you. 😮 HP[-4]
You take 4 damage, and now have 20/29 hp.
You hit the black bear.
The black bear looks as sick as possible!
You constrict the black bear.
The black bear goes berserk!
You hit the black bear. You constrict the black bear. The black bear bites you!
* * * LOW HITPOINT WARNING * * *
A shower of butterflies erupts from you!
The black bear claws you.
* * * LOW HITPOINT WARNING * * *
The black bear claws you!
You die... "It's all fun and games until someone loses an eye."

Skill      XL: |  1  2  3  4 |
---------------+-------------+-----
Stealth        | 6 7 8 |  8.0
Fighting       | |  2.0
Short Blades   | |  2.0
Throwing       | |  2.0
Dodging        | |  1.0

Action                   |  1- 3 |  4- 6 || total
-------------------------+-------+-------++-------
Melee: Dagger            |    22 |    28 ||    50
       Constrict         |     3 |     8 ||    11
       Tentacles         |     3 |     5 ||     8
Throw: Dart              |    30 |       ||    30
       Stone             |     6 |    60 ||    66
 Stab: Sleeping          |    10 |       ||    10
Armor: Skin              |     1 |     5 ||     6
Dodge: Dodged            |     6 |    12 ||    18

Levels and vault maps discovered:
D:1:      dpeg_arrival_long_road, layout_basic
D:2:      layout_basic, basic_ecumenical_altar, uniq_natasha
D:3:      layout_rooms, wad_floor_pattern_2, uniq_crazy_yiuf_cottage
D:4:      layout_gridville, serial_shops, nicolae_shop_waterfront,
          nicolae_elevator_lobby_plus

Notes
Turn   | Place    | Note
-------+----------+-------------------------------------------
     0 | D:1      | spaghetti the Octopode Brigand began the quest for the Orb.
     0 | D:1      | Reached XP level 1. HP: 14/14 MP: 1/1
     0 | D:1      | magus.rc [v1.9.6]
    22 | D:1      | You pick up a book of the Senses and begin reading...
    22 | D:1      | You add the spells Dazzling Flash, Agony and Silence to
                  | your library.
   186 | D:1      | Reached skill level 6 in Stealth
   186 | D:1      | Reached XP level 2. HP: 19/19 MP: 2/2
   776 | D:1      | Reached XP level 3. HP: 24/24 MP: 3/3
   996 | D:2      | Found a faded altar of an unknown god.
  1047 | D:2      | Noticed Natasha
  1051 | D:2      | Killed Natasha
  1052 | D:2      | Reached skill level 7 in Stealth
  1070 | D:2      | Prayed at the altar of an unknown god.
  1070 | D:2      | Became a worshipper of Xom the Psychotic
  1275 | D:2      | You add the spells Blink, Manifold Assault and Storm Form
                  | to your library.
  1282 | D:2      | Reached XP level 4. HP: 29/29 MP: 4/4
  1692 | D:3      | You add the spells Tukima's Dance, Passage of Golubria and
                  | Yara's Violent Unravelling to your library.
  1869 | D:3      | Reached skill level 8 in Stealth
  2008 | D:3      | XOM: 1-stop teleportation journey
  2115 | D:3      | XOM: silly message
  2146 | D:3      | XOM: silly message
  2207 | D:3      | Found a runed translucent door.
  2208 | D:3      | Noticed Crazy Yiuf
  2518 | D:4      | Noticed a black bear
  2528 | D:4      | XOM: butterfly on damage
  2528 | D:4      | HP: 5/29 [black bear (4)]
  2528 | D:4      | Slain by a black bear

Vanquished Creatures
  Natasha (D:2)
  A worm (D:3)
  2 dart slugs
  3 ball pythons
  5 bats
  2 endoplasms
  4 giant cockroaches
  2 goblins (D:1)
  6 hobgoblins
  2 jackals (D:3)
  7 kobolds
  6 frilled lizards
  4 rats
45 creatures vanquished.

Table legend:
 A = Non-vault XP
 B = Vault XP
 C = Vault XP percentage of total XP
 D = Non-vault monster count
 E = Vault monster count
 F = Vault count percentage of total count
                 A         B        C        D         E       F
            +---------+---------+-------+---------+---------+-------
      Total |      80 |      35 |  30.4 |      44 |       1 |   2.2
            +---------+---------+-------+---------+---------+-------
        D:1 |      38 |       0 |   0.0 |      22 |       0 |   0.0
        D:2 |      23 |      35 |  60.3 |      13 |       1 |   7.1
        D:3 |      19 |       0 |   0.0 |       9 |       0 |   0.0
            +---------+---------+-------+---------+---------+-------

Illustrated notes

Table legend:
 A = Kills in this place as a percentage of kills in entire the game.
 B = Kills by you in this place as a percentage of kills by you in the entire game.
 C = Kills by friends in this place as a percentage of kills by friends in the entire game.
 D = Other kills in this place as a percentage of other kills in the entire game.
 E = Experience gained in this place as a percentage of experience gained in the entire game.
 F = Experience gained in this place divided by the number of levels of this place that you have seen.
                   A       B       C       D       E      F
               +-------+-------+-------+-------+-------+----------------------
         Total | 100.0 | 100.0 |   N/A |   N/A | 100.0 |  28.8
       Dungeon | 100.0 | 100.0 |   N/A |   N/A | 100.0 |  28.8
               +-------+-------+-------+-------+-------+----------------------

Table legend: (Time is in decaauts)
 A = Elapsed time spent in this place.
 B = Non-inter-level travel time spent in this place.
 C = Inter-level travel time spent in this place.
 D = Time resting spent in this place.
 E = Time spent auto-exploring this place.
 F = Levels seen in this place.
 G = Mean time per level.
                   A        B        C        D        E       F      G
               +--------+--------+--------+--------+--------+-----+--------+
         Total |   2517 |   2395 |    122 |      0 |   2095 |   4 |  629.2 |
       Dungeon |   2517 |   2395 |    122 |      0 |   2095 |   4 |  629.2 |
               +--------+--------+--------+--------+--------+-----+--------+

Top non-repeatable levels by time:
     D:1: 959 daAuts
     D:3: 773 daAuts
     D:2: 698 daAuts
     D:4: 86 daAuts
